AoeStats
← gautamabuda253

Migration

509810207Analyzed
1v1 RM · 4d ago on Sep 28, 2026· 21m 15s· 2 players
Game mode
Random Map
Map size
132×132
Population
200
Speed
Normal
Resources
Standard
Victory
Conquest
Starting age
Dark Age
Ending age
Imperial Age
RankedLock teamsTeams togetherTeam positionsShared explorationLock speedFull tech treeHidden civsTurbo modeCheats
Victory
Defeat
🇺🇸 Armenians · United States
985
+17
🇻🇪 Britons · Venezuela
1000
-51
Eagleeyedan
5:51 Loom
15:20 Feudal Age
15:44 Fishing Lines
16:35 Double-Bit Axe
19:27 Fletching
21:42 Castle Age
20:04 Forging
19:55 Scale Mail Armor
19:50 Gold Mining
gautamabuda253
0:34 Loom
8:59 Feudal Age
10:15 Wheelbarrow
9:27 Town Watch
10:11 Double-Bit Axe
19:16 Horse Collar
Connection lost

Rejoining the realm…

Still unreachable

The connection could not be restored.

Session expired

The server has moved on; the page needs a fresh start.